 Dungeon Crawl Stone Soup version 0.20.1-1-g8b1a95d (webtiles) character file.

60 Frqise the Firebug (level 3, 0/30 HPs)
             Began as a Deep Dwarf Fire Elementalist on July 5, 2017.
             Slain by a worm (11 damage)
             ... on level 2 of the Dungeon.
             The game lasted 00:11:11 (1764 turns).

Frqise the Firebug (Deep Dwarf Fire Elementalist)   Turns: 1764, Time: 00:11:12

Health: 0/30       AC:  2    Str: 11    XL:     3   Next: 80%
Magic:  0/6        EV: 13    Int: 16    God:
Gold:   117        SH:  0    Dex: 13    Spells: 2/6 levels left

rFire    . . .     SeeInvis .   (no weapon)
rCold    . . .     Gourm    .   (no shield)
rNeg     . . .     Faith    .   a - +0 robe
rPois    .         Spirit   .   (no helmet)
rElec    .         Reflect  .   (no cloak)
rCorr    .         Harm     .   (no gloves)
MR       .....                  (no boots)
Stlth    +++.......             (no amulet)
Regen    0.0/turn               e - ring of stealth
MPRegen  0.1/turn               (no ring)

@: non-regenerating
A: damage resistance, heal wounds, sense surroundings 1, no regeneration
a: Heal Wounds


You were on level 2 of the Dungeon.
You were not hungry.

You visited 1 branch of the dungeon, and saw 2 of its levels.

You collected 117 gold pieces.

Inventory:

Armour
 a - a +0 robe (worn)
Jewellery
 e - a ring of stealth (left hand)
Scrolls
 c - a scroll of identify
 h - a scroll of remove curse
 i - a scroll of amnesia
 j - a scroll of teleportation
 k - a scroll of immolation {unknown}
Books
 b - a book of Flames

   Spells                             Type                      Level
   a - Flame Tongue                   Conjuration/Fire             1
   b - Throw Flame                    Conjuration/Fire             2
   c - Conjure Flame                  Conjuration/Fire             3
   d - Inner Flame                    Hexes/Fire                   3
   e - Sticky Flame                   Conjuration/Fire             4
   f - Fireball                       Conjuration/Fire             5
Comestibles
 d - 2 fruits
 f - 2 meat rations
 g - a royal jelly
 l - a chunk of flesh


   Skills:
 + Level 0.5 Fighting
 + Level 2.7 Dodging
 + Level 2.9 Stealth
 + Level 0.6 Unarmed Combat
 + Level 2.1 Spellcasting
 + Level 1.3 Conjurations
 + Level 3.1 Fire Magic


You had 2 spell levels left.
You knew the following spells:

 Your Spells              Type           Power        Failure   Level  Hunger
a - Flame Tongue          Conj/Fire      #....        9%          1    #......
b - Conjure Flame         Conj/Fire      #.......     24%         3    ###....


Dungeon Overview and Level Annotations

Branches:
Dungeon (2/15)

Altars:
Fedhas


Innate Abilities, Weirdness & Mutations

You are resistant to damage.
You can heal yourself by infusing magical energy.
You passively map a small area around you.
You do not regenerate.


Message History

Press: ? - help, Shift-Dir - straight line, f/p - worm
Aim: a worm (lightly wounded)
The flame tongue hits the worm.
The worm is heavily wounded.
The worm misses you.
Casting: Flame Tongue
Confirm with . or Enter, or press ? or * to list all spells.
Aiming: Flame Tongue
Press: ? - help, Shift-Dir - straight line, f/p - worm
Aim: a worm (heavily wounded)
The flame tongue hits the worm.
The worm is severely wounded.
Casting: Flame Tongue
Confirm with . or Enter, or press ? or * to list all spells.
You don't have enough magic to cast that spell.
Unknown command.
You barely miss the worm.
The worm is severely wounded.
The worm bites you!
You die...

..................># *
.####.รท.#######.##.# *
.# #...# #.##.# , ** .#
#...# #.##.# , .# #.#)#
#.##.# #####.#.##
####.##)#,
##....#..###.......# , .
,
_######...##.##.####....
#####.##..##.*#.@w......
,
*#....##..##.*#..####...
,, #.##.##..##.....# *
#.##.##..#####.##
#.##.##..# #.# **
,#.##.##..# #..,,, *
#........# #..
,#..#.#.#.## #.. ,
,#..#.#+#..# *


You could see a worm.

Vanquished Creatures
  An ooze (D:1)
  2 worms (D:2)
  2 dart slugs
  A ball python (D:1)
  3 giant cockroaches (D:1)
  4 goblins
  3 hobgoblins
  4 jackals (D:2)
  A quokka (D:1)
  4 bats
  6 frilled lizards
  6 kobolds
  10 rats
47 creatures vanquished.

Notes
Turn   | Place    | Note
-------+----------+-------------------------------------------
     0 | D:1      | Frqise the Deep Dwarf Fire Elementalist began the quest for the Orb.
     0 | D:1      | Reached XP level 1. HP: 15/15 MP: 3/3
    50 | D:1      | Reached skill level 1 in Conjurations
   201 | D:1      | Reached skill level 3 in Fire Magic
   201 | D:1      | Reached XP level 2. HP: 4/22 MP: 1/4
   906 | D:1      | Reached XP level 3. HP: 28/28 MP: 3/5
   914 | D:1      | Learned a level 3 spell: Conjure Flame
  1625 | D:2      | Found a blossoming altar of Fedhas.
  1764 | D:2      | Slain by a worm

Skill      XL: |  1  2  3 |
---------------+----------+-----
Conjurations   | 1 |  1.3
Fire Magic     | 3 |  3.1
Spellcasting   | 2 |  2.1
Fighting       | |  0.5
Dodging        | |  2.7
Stealth        | |  2.9
Unarmed Combat | |  0.6

Action                   || total
-------------------------++-------
Melee: Unarmed           ||   125
 Cast: Flame Tongue      ||    73
       Conjure Flame     ||     1
 Abil: Heal Wounds       ||     4
  Use: Scroll            ||     6
  Eat: Bread ration      ||     1
Armor: Robe              ||    29
Dodge: Dodged            ||    84
